AoeStats
← Schantiiniiii

African Clearing

505522191Analyzed
4v4 RM · 21d ago on Sep 9, 2026· 58m 39s· 8 players
Game mode
Random Map
Map size
Large (8 player)
Population
200
Speed
Normal
Resources
Standard
Victory
Conquest
Starting age
Dark Age
Ending age
Imperial Age
RankedLock teamsTeams togetherTeam positionsShared explorationLock speedFull tech treeHidden civsTurbo modeCheats
Victory
Defeat
🇨🇭 Japanese · Switzerland
1667
+14
🇩🇪 Saracens · Germany
1642
+15
🇫🇷 Spanish · France
1562
+18
🇩🇪 Burgundians · Germany
1519
+20
🇲🇦 Byzantines · Morocco
1776
-23
🇲🇦 Lithuanians · Morocco
1614
-17
🇫🇷 Wu · France
1586
-16
🇫🇷 Bulgarians · France
1482
-11
twitch.tv/gliedi69
4:39 Loom
12:31 Feudal Age
16:12 Castle Age
14:27 Double-Bit Axe
14:51 Horse Collar
17:14 Bow Saw
20:46 Padded Archer Armor
29:26 Leather Archer Armor
31:35 Wheelbarrow
31:13 Husbandry
31:28 Bloodlines
32:49 Fletching
34:49 Hand Cart
37:53 Bodkin Arrow
41:10 Imperial Age
40:42 Scale Barding Armor
40:48 Forging
40:43 Heavy Plow
40:21 Light Cavalry
42:53 Chain Barding Armor
43:00 Conscription
43:23 Ring Archer Armor
44:23 Plate Barding Armor
44:43 Iron Casting
43:49 Hussar
52:13 Blast Furnace
51:37 Ballistics
52:17 Chemistry
51:05 Elite Conquistador
52:41 Bracer
57:52 Murder Holes
Schantiiniiii
6:25 Loom
12:21 Feudal Age
15:00 Town Watch
18:17 Castle Age
17:18 Double-Bit Axe
19:00 Fletching
23:27 Bodkin Arrow
27:37 Ballistics
31:36 Husbandry
33:55 Bloodlines
34:44 Guard Tower
40:17 Masonry
53:04 Wheelbarrow
54:22 Horse Collar
55:43 Heavy Plow
57:47 Hand Cart
Pfienz
5:58 Loom
11:48 Feudal Age
12:36 Double-Bit Axe
13:41 Fletching
18:12 Horse Collar
26:22 Castle Age
26:42 Crossbowman
27:50 Bodkin Arrow
28:43 Wheelbarrow
36:34 Ballistics
46:13 Imperial Age
44:57 Scale Barding Armor
45:02 Forging
45:36 Forging
46:34 Chain Barding Armor
46:28 Bloodlines
46:18 Husbandry
47:50 Iron Casting
47:03 Elite Mameluke
48:35 Plate Barding Armor
48:16 Heavy Plow
50:12 Blast Furnace
48:54 Heavy Camel Rider
52:58 Siege Engineers
56:40 Capped Ram
Senetar
5:43 Loom
9:59 Double-Bit Axe
15:33 Feudal Age
16:56 Horse Collar
19:07 Bow Saw
19:19 Arson
26:03 Castle Age
37:43 Heavy Plow
39:16 Cavalier
41:07 Two-Man Saw
41:19 Husbandry
42:26 Scale Barding Armor
43:39 Wheelbarrow
44:34 Chain Barding Armor
44:26 Forging
44:15 Town Watch
45:56 Burgundian Vineyards
54:08 Imperial Age
52:59 Hand Cart
54:51 Gold Mining
55:56 Crop Rotation
59:17 Imperial Age
Le mouch
4:07 Loom
11:46 Feudal Age
13:09 Double-Bit Axe
15:44 Horse Collar
17:52 Forging
20:33 Scale Barding Armor
21:38 Bloodlines
26:54 Castle Age
27:17 Light Cavalry
32:31 Ballistics
33:41 Bow Saw
37:33 Wheelbarrow
44:21 Heavy Plow
47:08 Hand Cart
48:03 Gold Mining
48:04 Stone Mining
52:51 Imperial Age
50:30 Husbandry
51:00 Chain Barding Armor
51:43 Iron Casting
52:12 Gold Shaft Mining
53:15 Heavy Hei Guang Cavalry
55:17 Plate Barding Armor
KissBB
3:37 Loom
12:57 Feudal Age
17:19 Castle Age
15:39 Double-Bit Axe
16:42 Fletching
25:12 Horse Collar
26:12 Gold Mining
26:21 Bodkin Arrow
27:04 Padded Archer Armor
27:48 Wheelbarrow
27:43 Bow Saw
28:14 Leather Archer Armor
29:28 Ballistics
30:29 Husbandry
33:10 Thumb Ring
38:25 Imperial Age
36:30 Hand Cart
36:25 Heavy Plow
39:14 Bracer
40:18 Chemistry
39:14 Stone Mining
40:25 Two-Man Saw
41:15 Conscription
41:53 Conscription
41:33 Heavy Cavalry Archer
43:43 Ring Archer Armor
43:55 Murder Holes
46:11 Gold Shaft Mining
46:00 Heavy Camel Rider
47:30 Coinage
46:46 Fishing Lines
47:30 Scale Barding Armor
47:36 Forging
47:58 Elite Skirmisher
50:12 Chain Barding Armor
51:29 Plate Barding Armor
51:30 Iron Casting
53:40 Banking
Michel Ney
7:12 Loom
14:32 Feudal Age
20:18 Castle Age
18:19 Double-Bit Axe
21:17 Fletching
28:54 Bodkin Arrow
31:44 Wheelbarrow
31:15 Gold Mining
31:16 Stone Mining
32:59 Town Watch
37:53 Imperial Age
37:21 Squires
36:41 Pikeman
37:57 Hand Cart
57:44 Gambesons
Youssef
11:17 Feudal Age
11:57 Double-Bit Axe
13:42 Loom
14:21 Forging
16:14 Scale Barding Armor
19:26 Bloodlines
26:05 Castle Age
26:10 Light Cavalry
26:40 Fletching
27:11 Chain Barding Armor
26:57 Husbandry
34:15 Wheelbarrow
39:19 Elite Skirmisher
41:15 Padded Archer Armor
41:44 Fletching
42:40 Bodkin Arrow
45:55 Ballistics
46:33 Leather Archer Armor
47:14 Hand Cart
51:00 Hill Forts
57:36 Bow Saw
Connection lost

Rejoining the realm…

Still unreachable

The connection could not be restored.

Session expired

The server has moved on; the page needs a fresh start.